 Dungeon Crawl Stone Soup version 0.30-a0-782-ge64f9170bb (webtiles) character file.

Game seed: 17437591691714567723

96 senseless the Trooper (level 4, -2/37 HPs)
             Began as a Demonspawn Fighter on Mar 14, 2023.
             Slain by a quokka (3 damage)
             ... summoned by Eustachio
             ... on level 4 of the Dungeon.
             The game lasted 00:05:33 (1357 turns).

senseless the Trooper (Demonspawn Fighter)          Turns: 1357, Time: 00:05:33

Health: -2/37      AC:  6    Str: 19    XL:     4   Next: 41%
Magic:  4/4        EV:  9    Int:  9    God:
Gold:   149        SH:  0    Dex: 12    Spells: 3/3 levels left

rFire   . . .      SeeInvis +    k - +1 flail (drain)
rCold   . . .      Faith    .    (no shield)
rNeg    . . .      Spirit   .    b - +0 scale mail
rPois   .          Reflect  .    (no helmet)
rElec   .          Harm     .    (no cloak)
rCorr   .          Rampage  .    (no gloves)
Will    .....                    (no boots) Stlth
                                 (no amulet)
HPRegen 0.26/turn                e - ring of see invisible
MPRegen 0.09/turn                (no ring)

@: no status effects
A: demonic touch 2
a: no special abilities


You were on level 4 of the Dungeon.
You visited 1 branch of the dungeon, and saw 3 of its levels.

You collected 149 gold pieces.

Inventory:

Hand Weapons
 a - a +0 flail
 k - a +1 flail of draining (weapon)
Missiles
 l - 2 poisoned darts (quivered)
Armour
 b - a +0 scale mail (worn)
 c - a +0 buckler
Jewellery
 e - a ring of see invisible (left hand)
Scrolls
 f - a scroll of identify
 g - a scroll of enchant armour {unknown}
 h - a scroll of silence {unknown}
 m - a scroll of torment {unknown}
Potions
 d - a potion of might
 i - a potion of brilliance
 j - a potion of heal wounds


   Skills:
 + Level 3.6 Fighting
 + Level 2.6 Maces & Flails
 + Level 3.3 Armour
 + Level 3.3 Shields


You had 3 spell levels left.
You didn't know any spells.
Your spell library contained the following spells:

 Spells                   Type           Power      Damage    Failure   Level
 Sublimation of Blood     Necr           0%         N/A       87%         2
 Wereblood                Tmut           0%         N/A       87%         2
 Summon Hydra             Summ           0%         N/A       100%        7


Dungeon Overview and Level Annotations

Branches:
Dungeon (4/15)
 Temple: D:4-7

Altars:
Xom

Annotations:
D:4 Eustachio


Innate Abilities, Weirdness & Mutations

Your touch may inflict irresistible damage on your foes.


Message History

The ufetubus hits you but does no damage. x2
The white imp barely misses you.
The ufetubus hits you but does no damage.
The ufetubus barely misses you. The white imp barely misses you.
The white imp gestures at you. The puff of frost hits you.
The ufetubus closely misses you. The ufetubus barely misses you.
You barely miss Eustachio.
Eustachio is moderately wounded.
The ufetubus hits you but does no damage.
The ufetubus hits you.
Eustachio gestures wildly while chanting.
Eustachio blinks!
The ufetubus barely misses you. The ufetubus closely misses you.
The ufetubus barely misses you.
The ufetubus hits you but does no damage.
The ufetubus closely misses you.
The ufetubus hits you but does no damage.
The ufetubus attacks as you move away! The ufetubus hits you. x2
The white imp hits you but does no damage.
Eustachio mumbles some strange words.
Eustachio blinks!
The white imp gestures at you. The puff of frost hits you!
* * * LOW HITPOINT WARNING * * *
The ufetubus barely misses you. The ufetubus hits you.
* * * LOW HITPOINT WARNING * * *
The quokka closely misses you. The quokka barely misses you.
The quokka attacks as you move away! The quokka closely misses you.
The white imp spits at you.
The ufetubus hits you but does no damage. x2
Eustachio zaps a wand.
The puff of flame hits you.
* * * LOW HITPOINT WARNING * * *
You barely miss Eustachio.
Eustachio is moderately wounded.
The white imp disappears in a puff of smoke!
The ufetubus hits you but does no damage. x2
The quokka bites you.
You die...

#......................#...
##.#####...................
##..# #....#..............
#...####.......>...........
..................##.......
......##......#...##.......
......#######............##
......# ####..#.........
.....#######.5ยง5@@.......#.
...............r..........
>.....######....).......
...........#..........#.
........................
#...###'###..###..#####.
###.#.....#.......###
#.#..(..#...##...<####.
#.#.._..#...###........


You could see Eustachio (drained), 2 ufetubi and a quokka (summoned).

Vanquished Creatures
  A hound (D:4)
  2 adders (D:2)
  3 dart slugs
  3 orcs (D:4)
  4 ball pythons
  An endoplasm (D:2)
  2 giant cockroaches
  3 goblins
  5 hobgoblins
  3 quokkas (D:1)
  2 bats (D:2)
  4 frilled lizards (D:1)
  7 kobolds
  A rat (D:1)
41 creatures vanquished.

Notes
Turn   | Place    | Note
-------+----------+-------------------------------------------
     0 | D:1      | senseless the Demonspawn Fighter began the quest for the
                  | Orb.
     0 | D:1      | Reached XP level 1. HP: 18/18 MP: 1/1
   168 | D:1      | Gained mutation: Your touch may inflict minor irresistible
                  | damage on your foes. [demonic ancestry]
   168 | D:1      | Reached XP level 2. HP: 19/24 MP: 2/2
   946 | D:2      | Gained mutation: Your touch may inflict irresistible damage
                  | on your foes. [demonic ancestry]
   946 | D:2      | Reached XP level 3. HP: 25/29 MP: 3/3
  1190 | D:2      | You fall into a shaft and drop 2 floors!
  1263 | D:4      | Reached XP level 4. HP: 32/37 MP: 4/4
  1291 | D:4      | Found a shimmering altar of Xom.
  1336 | D:4      | Noticed Eustachio
  1356 | D:4      | HP: 1/37 [Eustachio/puff of flame (4)]
  1357 | D:4      | Slain by a quokka

Illustrated notes

Levels and vault maps discovered:
D:1:      enne_arrival_octagon_isle, layout_loops_cross, minmay_misc_feat_x,
          eino_curves_04
D:2:      layout_basic, basic_altar, kennysheep_generic_room_10
D:4:      layout_rooms, amcnicky_altar_gilded,
          gammafunk_temple_overflow_elements, mainiacjoe_overflow_24_doors,
          minmay_temple_entry_trees, uniq_eustachio

Skill      XL: |  1  2 |
---------------+-------+-----
Maces & Flails | 2 |  2.6
Armour         | 3 |  3.3
Shields        | 3 |  3.3
Fighting       | |  3.6

Action                     |  1- 3 |  4- 6 || total
---------------------------+-------+-------++-------
  Melee: Flail             |   110 |     8 ||   118
         Touch             |     6 |     2 ||     8
         Punch             |     1 |       ||     1
    Use: Scroll            |     5 |       ||     5
 Armour: Scale mail        |    52 |    19 ||    71
  Dodge: Dodged            |    60 |    29 ||    89
  Block: Buckler           |    10 |       ||    10

Table legend: (Time is in decaauts)
 A = Elapsed time spent in this place.
 B = Non-inter-level travel time spent in this place.
 C = Inter-level travel time spent in this place.
 D = Time resting spent in this place.
 E = Time spent auto-exploring this place.
 F = Levels seen in this place.
 G = Mean time per level.
                   A        B        C        D        E       F      G
               +--------+--------+--------+--------+--------+-----+--------+
         Total |   1392 |   1363 |     29 |      0 |   1024 |   3 |  464.0 |
       Dungeon |   1392 |   1363 |     29 |      0 |   1024 |   3 |  464.0 |
               +--------+--------+--------+--------+--------+-----+--------+

Top non-repeatable levels by time:
     D:1: 917 daAuts
     D:2: 304 daAuts
     D:4: 170 daAuts
